SAAA
ATHLETIC CLUB KC RESERVES @ TREMONT DOUBLEDAYS
09/01/2032
 
TOP OF THE 1ST
Athletic Club KC Reserves batting - Pitching for Tremont Doubledays : RHP Joey McCarthy
Pitching: RHP Joey McCarthy
Batting: RHB Arturo Annunziato 0-0: Ground out 4-3 (Groundball, 4)
Batting: LHB Tony García 0-0: Foul Ball, location: 2F
0-1: Ball
1-1: Swinging Strike
1-2: Ball
2-2: Fly out, F7 (Flyball, 78M)
Batting: SHB Akihiko Fujii 0-0: Called Strike
0-1: Swinging Strike
0-2: Strikes out looking
Top of the 1st over - 0 runs, 0 hits, 0 errors, 0 left on base; Athletic Club KC 0 - Tremont 0
BOTTOM OF THE 1ST
Tremont Doubledays batting - Pitching for Athletic Club KC Reserves : RHP Ismael Calderón
Pitching: RHP Ismael Calderón
Batting: RHB Alfredo Escalante 0-0: Ball
1-0: Ball
2-0: Foul Ball, location: 2F
2-1: SINGLE (Groundball, 56S) (infield hit)
Batting: RHB Menno van de Vlugt 0-0: Ball
1-0: Fielders Choice at 2nd, 6-4 (Groundball, 6)
Batting: SHB Ricardo Pérez 0-0: Ball
1-0: Fly out, F8 (Flyball, 8RM)
Batting: RHB Kyle Vandenbrink 0-0: Called Strike
0-1: Swinging Strike
0-2: Ball
1-2: Foul Ball, location: 2F
1-2: Fly out, F9 (Flyball, 89M)
Bottom of the 1st over - 0 runs, 1 hit, 0 errors, 1 left on base; Athletic Club KC 0 - Tremont 0
TOP OF THE 2ND
Athletic Club KC Reserves batting - Pitching for Tremont Doubledays : RHP Joey McCarthy
Batting: LHB Ramón Morterero 0-0: Called Strike
0-1: Ball
1-1: Foul Ball, location: 2F
1-2: Foul Ball, location: 2F
1-2: Ground out U3 (Groundball, 34)
Batting: RHB Roger Caffyn 0-0: Called Strike
0-1: Ball
1-1: Ball
2-1: Foul Ball, location: 2F
2-2: Ball
3-2: Foul Ball, location: 2F
3-2: Foul Ball, location: 2F
3-2: Fly out, F7 (Flyball, 78M)
Batting: LHB Michael Woodard 0-0: Called Strike
0-1: Called Strike
0-2: Ball
1-2: Foul Ball, location: 2F
1-2: Foul Ball, location: 2F
1-2: Ball
2-2: Strikes out looking
Top of the 2nd over - 0 runs, 0 hits, 0 errors, 0 left on base; Athletic Club KC 0 - Tremont 0
BOTTOM OF THE 2ND
Tremont Doubledays batting - Pitching for Athletic Club KC Reserves : RHP Ismael Calderón
Batting: RHB Alan Elder 0-0: Swinging Strike
0-1: Swinging Strike
0-2: Strikes out swinging
Batting: RHB Martín Méndez 0-0: Ball
1-0: Foul Ball, location: 2F
1-1: Foul Ball, location: 2F
1-2: Ball
2-2: Ball
3-2: Strikes out swinging
Batting: RHB Steve Jones 0-0: Foul Ball, location: 2F
0-1: Hit by Pitch
Batting: RHB Sergio Pérez 0-0: Ball
1-0: Ball
2-0: Called Strike
2-1: Ball
3-1: Called Strike
3-2: Strikes out looking
Bottom of the 2nd over - 0 runs, 0 hits, 0 errors, 1 left on base; Athletic Club KC 0 - Tremont 0
TOP OF THE 3RD
Athletic Club KC Reserves batting - Pitching for Tremont Doubledays : RHP Joey McCarthy
Batting: LHB Kwang-chih Feng 0-0: Ball
1-0: Fly out, F8 (Flyball, 8RM)
Batting: RHB Cristóbal Covarrubiois 0-0: Called Strike
0-1: SINGLE (Line Drive, 56)
Batting: RHB Tasuku Goto 0-0: Ball
1-0: Ball
Passed Ball!
Cristóbal Covarrubiois to second
2-0: Fly out, F8 (Flyball, 8RXD)
Runner from 2nd tags up, SAFE at 3rd, no throw
Batting: RHB Arturo Annunziato 0-0: Called Strike
0-1: Foul Ball, location: 2F
0-2: Ground out 1-3 (Groundball, 13)
Top of the 3rd over - 0 runs, 1 hit, 0 errors, 1 left on base; Athletic Club KC 0 - Tremont 0
BOTTOM OF THE 3RD
Tremont Doubledays batting - Pitching for Athletic Club KC Reserves : RHP Ismael Calderón
Batting: RHB Jack Davis 0-0: Ball
1-0: Called Strike
1-1: Ball
2-1: Ground out 5-3 (Groundball, 5L)
Batting: RHB Alfredo Escalante 0-0: Ball
1-0: Foul Ball, location: 2F
1-1: Ball
2-1: Fly out, F8 (Flyball, 8RD)
Batting: RHB Menno van de Vlugt 0-0: Ball
1-0: Foul Ball, location: 2F
1-1: Swinging Strike
1-2: Strikes out swinging
Bottom of the 3rd over - 0 runs, 0 hits, 0 errors, 0 left on base; Athletic Club KC 0 - Tremont 0
TOP OF THE 4TH
Athletic Club KC Reserves batting - Pitching for Tremont Doubledays : RHP Joey McCarthy
Batting: LHB Tony García 0-0: SINGLE (Line Drive, 8RS)
Batting: SHB Akihiko Fujii 0-0: Foul Ball, location: 2F
0-1: Ball
1-1: Foul Ball, location: 2F
1-2: Foul Ball, location: 2F
1-2: Ball
2-2: Ball
3-2: Fly out, F7 (Flyball, 78S)
Batting: LHB Ramón Morterero 0-0: Ball
1-0: Reached on error, E5 (Groundball, 56)
Tony García to second
Batting: RHB Roger Caffyn 0-0: Called Strike
0-1: Called Strike
0-2: SINGLE (Groundball, 4) (infield hit)
Tony García to third
Ramón Morterero to second
Batting: LHB Michael Woodard 0-0: Called Strike
0-1: Swinging Strike
0-2: Ball
1-2: Fly out, F7 (Flyball, 78D)
Runner from 3rd tags up, SCORES, throw made
Batting: LHB Kwang-chih Feng 0-0: Ball
1-0: Ball
2-0: Foul Ball, location: 2F
2-1: Called Strike
2-2: Ball
3-2: Base on Balls
Ramón Morterero to third
Roger Caffyn to second
Batting: RHB Cristóbal Covarrubiois 0-0: Ball
1-0: Called Strike
1-1: Called Strike
1-2: Ball
2-2: SINGLE (Groundball, 4MD)
Ramón Morterero scores
Roger Caffyn to third
Kwang-chih Feng to second
Runner from 3rd tries for Home, SAFE, no throw
Batting: RHB Tasuku Goto 0-0: Ball
1-0: Called Strike
1-1: Fielders Choice at 2nd, 6-4 (Groundball, 6)
Top of the 4th over - 3 runs, 3 hits, 1 error, 2 left on base; Athletic Club KC 3 - Tremont 0
BOTTOM OF THE 4TH
Tremont Doubledays batting - Pitching for Athletic Club KC Reserves : RHP Ismael Calderón
Batting: SHB Ricardo Pérez 0-0: Ball
1-0: TRIPLE (Line Drive, 78XD)
Batting: RHB Kyle Vandenbrink 0-0: Ball
1-0: Swinging Strike
1-1: Fly out, F3 (Popup, 3SF)
Batting: RHB Alan Elder 0-0: Called Strike
0-1: Fly out, F9 (Flyball, 9S)
Batting: RHB Martín Méndez 0-0: SINGLE (Line Drive, 6D)
Ricardo Pérez scores
Batting: RHB Steve Jones 0-0: Foul Ball, location: 2F
0-1: Called Strike
0-2: TRIPLE (Flyball, 9LD)
Martín Méndez scores
Batting: RHB Sergio Pérez 0-0: SINGLE (Flyball, 89S)
Steve Jones scores
Batting: RHB Jack Davis 0-0: Ball
1-0: Ball
2-0: Called Strike
2-1: DOUBLE (Line Drive, 7LS)
Sergio Pérez to third
Runner from 3rd tries for Home, SAFE, no throw
Batting: RHB Alfredo Escalante 0-0: Called Strike
0-1: Ball
1-1: Ball
2-1: Swinging Strike
2-2: Ground out 5-3 (Groundball, 5)
Bottom of the 4th over - 4 runs, 5 hits, 0 errors, 1 left on base; Athletic Club KC 3 - Tremont 4
TOP OF THE 5TH
Athletic Club KC Reserves batting - Pitching for Tremont Doubledays : RHP Joey McCarthy
Batting: RHB Arturo Annunziato 0-0: Ground out 6-3 (Groundball, 56)
Batting: LHB Tony García 0-0: Called Strike
0-1: Swinging Strike
0-2: Ball
1-2: Strikes out swinging
Batting: SHB Akihiko Fujii 0-0: Swinging Strike
0-1: Ball
1-1: Foul Ball, location: 2F
1-2: Foul Ball, location: 2F
1-2: Foul Ball, location: 2F
1-2: Fly out, F6 (Popup, 6)
Top of the 5th over - 0 runs, 0 hits, 0 errors, 0 left on base; Athletic Club KC 3 - Tremont 4
BOTTOM OF THE 5TH
Tremont Doubledays batting - Pitching for Athletic Club KC Reserves : RHP Ismael Calderón
Batting: RHB Menno van de Vlugt 0-0: Called Strike
0-1: Called Strike
0-2: Foul Ball, location: 2F
0-2: Foul Ball, location: 2F
0-2: Ball
1-2: Ball
2-2: Ball
3-2: Foul Ball, location: 2F
3-2: Fly out, F8 (Flyball, 8LD)
Batting: SHB Ricardo Pérez 0-0: Ball
1-0: Ball
2-0: Ball
3-0: Called Strike
3-1: Foul Ball, location: 2F
3-2: Foul Ball, location: 2F
3-2: Base on Balls
Batting: RHB Kyle Vandenbrink 0-0: Ball
1-0: Foul Ball, location: 2F
1-1: Ball
2-1: Foul Ball, location: 2F
2-2: Grounds into double play, 6-4-3 (Groundball, 6)
Bottom of the 5th over - 0 runs, 0 hits, 0 errors, 0 left on base; Athletic Club KC 3 - Tremont 4
TOP OF THE 6TH
Athletic Club KC Reserves batting - Pitching for Tremont Doubledays : RHP Joey McCarthy
Batting: LHB Ramón Morterero 0-0: Ball
1-0: Called Strike
1-1: Ball
2-1: Fly out, F8 (Flyball, 8RS)
Batting: RHB Roger Caffyn 0-0: Ball
1-0: Ball
2-0: Ball
3-0: Base on Balls
Batting: LHB Michael Woodard 0-0: Ball
1-0: Ball
2-0: Ball
3-0: Base on Balls
Roger Caffyn to second
Batting: LHB Kwang-chih Feng 0-0: Ball
1-0: Ball
2-0: Swinging Strike
2-1: Foul Ball, location: 2F
2-2: Ball
3-2: Foul Ball, location: 2F
3-2: Base on Balls
Roger Caffyn to third
Michael Woodard to second
Batting: RHB Cristóbal Covarrubiois 0-0: Called Strike
0-1: Ball
1-1: Ball
2-1: Fly out, F9 (Flyball, 9LM)
Runner from 3rd tags up, SCORES, throw made
Batting: RHB Tasuku Goto 0-0: Fly out, F8 (Flyball, 8RM)
Top of the 6th over - 1 run, 0 hits, 0 errors, 2 left on base; Athletic Club KC 4 - Tremont 4
BOTTOM OF THE 6TH
Tremont Doubledays batting - Pitching for Athletic Club KC Reserves : RHP Ismael Calderón
Batting: RHB Alan Elder 0-0: Ball
1-0: Called Strike
1-1: Ball
2-1: SINGLE (Line Drive, 78S)
Batting: RHB Martín Méndez 0-0: Bunted foul
0-1: Bunt missed!
0-2: Fly out, F8 (Flyball, 8LM)
Pitching: RHP Alfonso Álvarez
Batting: RHB Steve Jones 0-0: Ball
1-0: Fly out, F5 (Popup, 6S)
Batting: RHB Sergio Pérez 0-0: Foul Ball, location: 2F
0-1: Ball
1-1: Ground out 1-3 (Groundball, 13)
Bottom of the 6th over - 0 runs, 1 hit, 0 errors, 1 left on base; Athletic Club KC 4 - Tremont 4
TOP OF THE 7TH
Athletic Club KC Reserves batting - Pitching for Tremont Doubledays : RHP Joey McCarthy
Batting: RHB Arturo Annunziato 0-0: Called Strike
0-1: Ball
1-1: Ball
2-1: Ball
3-1: Foul Ball, location: 2F
3-2: SINGLE (Line Drive, 6MD)
Batting: LHB Tony García 0-0: Ball
1-0: Ball
2-0: Fly out, F9 (Flyball, 9S)
Batting: SHB Akihiko Fujii 0-0: Foul Ball, location: 2F
0-1: Ball
1-1: Grounds into double play, 6-4-3 (Groundball, 6)
Top of the 7th over - 0 runs, 1 hit, 0 errors, 0 left on base; Athletic Club KC 4 - Tremont 4
BOTTOM OF THE 7TH
Tremont Doubledays batting - Pitching for Athletic Club KC Reserves : RHP Alfonso Álvarez
Batting: RHB Jack Davis 0-0: Ball
1-0: Swinging Strike
1-1: SINGLE (Groundball, 4D)
Batting: RHB Alfredo Escalante 0-0: Bunted foul
0-1: Ball
1-1: Bunted foul
1-2: Foul Ball, location: 2F
1-2: Ground out 5-3 (Groundball, 56)
Jack Davis to second
Batting: RHB Menno van de Vlugt 0-0: Called Strike
0-1: Ball
1-1: Foul Ball, location: 2F
1-2: Strikes out looking
Batting: SHB Ricardo Pérez 0-0: Swinging Strike
0-1: Ball
1-1: Foul Ball, location: 2F
1-2: Ball
2-2: Foul Ball, location: 2F
Balk!
Jack Davis to third
2-2: Foul Ball, location: 2F
2-2: Foul Ball, location: 2F
2-2: Ball
3-2: Foul Ball, location: 2F
3-2: Ground out 1-3 (Groundball, 13)
Bottom of the 7th over - 0 runs, 1 hit, 0 errors, 1 left on base; Athletic Club KC 4 - Tremont 4
TOP OF THE 8TH
Athletic Club KC Reserves batting - Pitching for Tremont Doubledays : RHP Joey McCarthy
Batting: LHB Ramón Morterero 0-0: Ball
1-0: Ball
2-0: Ball
3-0: Called Strike
3-1: Base on Balls
Pitching: RHP Theodore Urban
Batting: RHB Roger Caffyn 0-0: Called Strike
0-1: Foul Ball, location: 2F
0-2: Ball
1-2: Ball
2-2: Foul Ball, location: 2F
2-2: Foul Ball, location: 2F
2-2: Ball
3-2: Fly out, F8 (Flyball, 8RS)
Batting: LHB Michael Woodard 0-0: SINGLE (Groundball, 34) (infield hit)
Ramón Morterero to second
Batting: LHB Kwang-chih Feng 0-0: Called Strike
0-1: Foul Ball, location: 2F
0-2: Ball
1-2: Ball
2-2: SINGLE (Line Drive, 4D)
Ramón Morterero to third
Michael Woodard to second
Runner from 3rd tries for Home, SAFE, no throw
Batting: RHB Cristóbal Covarrubiois 0-0: Called Strike
0-1: SINGLE (Line Drive, 89M)
Michael Woodard to third
Kwang-chih Feng to second
Runner from 3rd tries for Home, SAFE, no throw
Batting: RHB Tasuku Goto 0-0: Ball
1-0: Foul Ball, location: 2F
1-1: Ball
2-1: Foul Ball, location: 2F
2-2: Fly out, F8 (Flyball, 8LXD)
Runner from 2nd tags up, SAFE at 3rd, no throw
Batting: RHB Arturo Annunziato 0-0: Ball
1-0: Foul Ball, location: 2F
1-1: SINGLE (Groundball, 56D)
Kwang-chih Feng scores
Cristóbal Covarrubiois to second
Batting: LHB Tony García 0-0: Swinging Strike
0-1: Ground out 4-3 (Groundball, 4)
Top of the 8th over - 3 runs, 4 hits, 0 errors, 2 left on base; Athletic Club KC 7 - Tremont 4
BOTTOM OF THE 8TH
Tremont Doubledays batting - Pitching for Athletic Club KC Reserves : RHP Alfonso Álvarez
Batting: RHB Kyle Vandenbrink 0-0: Ball
1-0: SOLO HOME RUN (Flyball, 9D), Distance : 384 ft
Batting: RHB Alan Elder 0-0: Called Strike
0-1: Ball
1-1: Ball
2-1: Ball
3-1: Base on Balls
Batting: RHB Martín Méndez 0-0: Called Strike
0-1: Foul Ball, location: 2F
0-2: Foul Ball, location: 2F
0-2: Foul Ball, location: 2F
0-2: Ball
1-2: Strikes out looking
Batting: RHB Steve Jones 0-0: Ball
1-0: Foul Ball, location: 2F
1-1: Called Strike
1-2: Ball
2-2: SINGLE (Groundball, 56D)
Alan Elder to second
Batting: RHB Sergio Pérez 0-0: Called Strike
0-1: Foul Ball, location: 2F
0-2: Ball
1-2: Ball
2-2: Grounds into double play, 4-6-3 (Groundball, 4M)
Bottom of the 8th over - 1 run, 2 hits, 0 errors, 1 left on base; Athletic Club KC 7 - Tremont 5
TOP OF THE 9TH
Athletic Club KC Reserves batting - Pitching for Tremont Doubledays : RHP Theodore Urban
Batting: SHB Akihiko Fujii 0-0: SINGLE (Groundball, 4S) (infield hit)
Batting: LHB Ramón Morterero 0-0: Ball
1-0: Ball
2-0: Fly out, F9 (Flyball, 9LDF)
Batting: RHB Roger Caffyn 0-0: Ball
1-0: Ball
2-0: Foul Ball, location: 2F
2-1: Foul Ball, location: 2F
2-2: Ball
3-2: Foul Ball, location: 2F
3-2: Fly out, F9 (Flyball, 9LMF)
Batting: LHB Michael Woodard 0-0: Called Strike
0-1: Swinging Strike
0-2: Strikes out looking
Top of the 9th over - 0 runs, 1 hit, 0 errors, 1 left on base; Athletic Club KC 7 - Tremont 5
BOTTOM OF THE 9TH
Tremont Doubledays batting - Pitching for Athletic Club KC Reserves : RHP Alfonso Álvarez
Batting: RHB Jack Davis 0-0: Foul Ball, location: 2F
0-1: Ball
1-1: Ball
2-1: Ball
3-1: Base on Balls
Pitching: LHP António Hernández
Batting: RHB Alfredo Escalante 0-0: Foul Ball, location: 2F
0-1: Fielders Choice at 2nd, 3-6 (Groundball, 3)
Batting: RHB Menno van de Vlugt 0-0: Ball
1-0: Fielders Choice at 2nd, 1-6 (Groundball, 13)
Batting: SHB Ricardo Pérez 0-0: Ball
1-0: SINGLE (Groundball, 6D)
Menno van de Vlugt to second
Batting: RHB Kyle Vandenbrink 0-0: Foul Ball, location: 2F
0-1: SINGLE (Line Drive, 9S)
Menno van de Vlugt to third
Ricardo Pérez to second
Batting: RHB Alan Elder 0-0: Ball
1-0: Fly out, F9 (Flyball, 9LS)
Bottom of the 9th over - 0 runs, 2 hits, 0 errors, 3 left on base; Athletic Club KC 7 - Tremont 5
Wednesday, September 19th, 2018 - OOTP Baseball 18.8 Build 76